 Dungeon Crawl Stone Soup version 0.31.0-4-g52a2dc7128 (webtiles) character file.

Game seed: 6196366726485073566

287 ymhsbmbesitwf the Trooper (level 6, -3/51 HPs)
             Began as a Formicid Fighter on Jan 21, 2024.
             Incinerated by a bombardier beetle (6 damage)
             ... with a burning spray
             ... on level 3 of the Dungeon.
             The game lasted 00:06:24 (2155 turns).

ymhsbmbesitwf the Trooper (Formicid Fighter)        Turns: 2155, Time: 00:06:25

Health: -3/51      AC:  8    Str: 23    XL:     6   Next: 56%
Magic:  6/6        EV: 10    Int:  7    God:
Gold:   160        SH:  5    Dex: 13    Spells: 5/5 levels left

rFire   . . .        b - +1 hand axe (flame)
rCold   . . .        c - +0 buckler
rNeg    . . .        i - +0 scale mail
rPois   .            (helmet unavailable)
rElec   .            (no cloak)
rCorr   .            (no gloves)
SInv    +            q - +0 pair of boots
Will    .....        (no amulet) Stlth
                     (no ring)
HPRegen 0.28/turn    (no ring)
MPRegen 0.10/turn

%: no passive effects
@: brilliant, on fire, glowing
A: permanent stasis, dig shafts and tunnels, antennae 3, four strong arms
a: Dig, Shaft Self


You were on level 3 of the Dungeon.
You visited 1 branch of the dungeon, and saw 3 of its levels.

You collected 160 gold pieces.

Inventory:

Hand Weapons
 a - a +0 war axe
 b - a +1 hand axe of flaming (weapon)
 e - a +0 trident
 j - a +0 bardiche
Armour
 c - a +0 buckler (worn)
 i - a +0 scale mail (worn)
 q - a +0 pair of boots (worn)
Scrolls
 f - 2 scrolls of identify {unknown}
 k - a scroll of enchant armour {unknown}
 m - a scroll of teleportation {unknown}
 o - a scroll of revelation {unknown}
 p - a scroll of butterflies {unknown}
Potions
 d - 2 potions of might
 h - a potion of enlightenment {unknown}
 l - 2 potions of lignification {unknown}
 n - a potion of curing {unknown}


   Skills:
 * Level 5.6 Fighting
 * Level 4.5 Axes
 - Level 3.2 Armour
 + Level 1.3 Dodging
 - Level 4.0 Shields


You had 5 spell levels left.
You didn't know any spells.
Your spell library contained the following spells:

 Spells                   Type           Power      Damage    Failure   Level
 Animate Dead             Necr           0%         N/A       100%        4
 Borgnjor's Vile Clutch   Necr/Erth      0%         N/A       100%        5
 Death Channel            Necr           0%         N/A       100%        6


Dungeon Overview and Level Annotations

Branches:
Dungeon (3/15)

Altars:
Uskayaw
Vehumet

Shops:
D:2 =

Annotations:
D:2 dig for butt


Innate Abilities, Weirdness & Mutations

You cannot be hasted, slowed, berserked, paralysed or teleported.
You can dig through walls and to a lower floor.
You have a pair of large antennae on your head. (SInv)
Your four strong arms can wield two-handed weapons with a shield.


Message History

The bombardier beetle sprays incendiary fluid at you.
The burning spray hits you.
You are covered in liquid fire!
You hit the bombardier beetle. You burn the bombardier beetle.
The bombardier beetle is almost dead.
The liquid fire burns you!
The bombardier beetle bites you but does no damage.
You hit the bombardier beetle but do no damage.
The bombardier beetle is almost dead.
The liquid fire burns you!
You barely miss the bombardier beetle.
The bombardier beetle is almost dead.
The liquid fire burns you!
The bombardier beetle closely misses you.
You hit the bombardier beetle. You burn the bombardier beetle.
You kill the bombardier beetle!
The liquid fire burns you!
No target in view!
No target in view!
You are on fire!
You are on fire!
The liquid fire burns you! The liquid fire burns you!
The liquid fire burns you! The liquid fire burns you!
The liquid fire burns you! The liquid fire burns you!
The liquid fire burns you! The liquid fire burns you!
* * * LOW HITPOINT WARNING * * *
The liquid fire burns you!
* * * LOW HITPOINT WARNING * * *
The liquid fire burns you!
* * * LOW HITPOINT WARNING * * *
The liquid fire burns you!
* * * LOW HITPOINT WARNING * * *
It was a potion of brilliance.
You feel clever all of a sudden. The liquid fire burns you!
You die...

#..≈.......≈............##.....
#..≈.≈≈≈≈≈.≈............#######
##.≈.≈...≈.≈...................
#.≈.≈._.≈.≈...........#######.
#.≈.....≈.≈.#.######### #.....
#.≈.≈≈≈≈≈.≈.#.# #.####
≈.......≈.#.# #.# ≈≈.≈≈≈≈≈≈.#.#
#.### .....B....#@# #..<#
#.........# ##### ###########


There were no monsters in sight!

Vanquished Creatures
  3 bombardier beetles (D:3)
  A hound (D:3)
  2 orc wizards
  2 adders (D:3)
  A ribbon worm (D:2)
  3 dart slugs (D:1)
  7 orcs
  10 ball pythons
  4 endoplasms
  8 giant cockroaches
  A goblin (D:1)
  8 hobgoblins
  5 jackals (D:1)
  8 kobolds
  2 quokkas (D:2)
  2 bats
  2 frilled lizards
  5 rats
74 creatures vanquished.

Notes
Turn   | Place    | Note
-------+----------+-------------------------------------------
     0 | D:1      | ymhsbmbesitwf the Formicid Fighter began the quest for the
                  | Orb.
     0 | D:1      | Reached XP level 1. HP: 18/18 MP: 1/1
    52 | D:1      | Reached XP level 2. HP: 24/24 MP: 2/2
   159 | D:1      | Reached XP level 3. HP: 30/30 MP: 3/3
   324 | D:1      | Reached skill level 4 in Fighting
   462 | D:2      | Reached skill level 1 in Dodging
   546 | D:2      | Reached XP level 4. HP: 37/37 MP: 4/4
   698 | D:2      | Found Wox Com's Jewellery Shoppe.
  1153 | D:3      | Found a radiant altar of Vehumet.
  1167 | D:3      | Reached XP level 5. HP: 31/37 MP: 5/5
  1173 | D:3      | HP: 1/37 [orc wizard/+0 dagger (4)]
  1396 | D:3      | Reached skill level 5 in Fighting
  1659 | D:3      | Reached XP level 6. HP: 51/51 MP: 6/6
  1956 | D:3      | Found a hide-covered altar of Uskayaw.
  2154 | D:3      | HP: 2/51 [burnt (4)]
  2155 | D:3      | Incinerated by a bombardier beetle

Illustrated notes

Levels and vault maps discovered:
D:1:      lightli_arrival_flooded_house, layout_rooms
D:2:      layout_rooms, serial_aquarium, aquarium_bridge_straight
          [aquarium_subvault_bridge, aquarium_subvault_wall,
          aquarium_subvault_bridge, aquarium_subvault_window],
          aquarium_bridge_long_separate [aquarium_subvault_bridge,
          aquarium_subvault_bridge, aquarium_subvault_bridge,
          aquarium_subvault_window, aquarium_subvault_bridge,
          aquarium_subvault_bridge], aquarium_window_3, aquarium_window_1,
          aquarium_view_2f, aquarium_view_2d, aquarium_balcony_3a,
          aquarium_pool_S, serial_shops, nicolae_shop_gaudy_bauble
D:3:      layout_basic, vehumet_crystals,
          mainiacjoe_overflow_concentric_impassable

Skill      XL: |  1  2  3  4  5 |
---------------+----------------+-----
Fighting       | 4 5 |  5.6
Dodging        | 1 |  1.3
Axes           | 3 4 |  4.5
Armour         | |  3.2
Shields        | |  4.0

Action                     |  1- 3 |  4- 6 || total
---------------------------+-------+-------++-------
  Melee: War axe           |    80 |    10 ||    90
         Bardiche          |     3 |    45 ||    48
         Hand axe          |       |    91 ||    91
    Use: Scroll            |       |     1 ||     1
         Potion            |       |     1 ||     1
 Armour: Scale mail        |    60 |    93 ||   153
  Dodge: Dodged            |    54 |    65 ||   119
  Block: Buckler           |    29 |    48 ||    77
